 Dungeon Sprint DCSS version 0.31-a0-595-g4209ae197b (webtiles) character file.

Game seed: 3654530669769974509

132 Conn the Firebug (level 5, -6/31 HPs)
             Began as an Octopode Fire Elementalist on Aug 19, 2023.
             Mangled by a neqoxec (15 damage)
             ... in the Dungeon (Sprint II: "The Violet Keep of Menkaure").
             The game lasted 00:01:39 (33 turns).

Conn the Firebug (Octopode Fire Elementalist)         Turns: 33, Time: 00:01:39

Health: -6/31      AC:  1    Str:  5      XL:     5   Next: 15%
Magic:  2/10       EV: 14    Int: 16 (19) God:
Gold:   0          SH:  0    Dex: 13      Spells: 13/14 levels left

rFire   . . .        (no weapon)
rCold   . . .        (no shield)
rNeg    . . .        (helmet restricted)
rPois   .            (no amulet)
rElec   .            (no ring)
rCorr   .            (no ring)
SInv    .            (no ring)
Will    .....        (no ring)
Stlth   +++          (no ring)
HPRegen 0.25/turn    (no ring)
MPRegen 0.12/turn    (no ring)
                     (no ring)

%: no teleportation
@: on berserk cooldown, hasted and slowed
A: almost no armour, amphibious, 8 rings, camouflage 1, gelatinous body 1,
(nimble swimmer 1), tentacles, low MP 2, weak 1
a: no special abilities


You were in the Dungeon.
You visited 1 branch

Inventory:

Scrolls
 f - a scroll of blinking
Potions
 a - 3 potions of magic


   Skills:
 + Level 3.6 Dodging
 + Level 4.0 Stealth
 * Level 5.1 Spellcasting
 * Level 4.1 Conjurations
 + Level 6.8 Fire Magic


You had 13 spell levels left.
You knew the following spells:

 Your Spells              Type           Power      Damage    Failure   Level
a - Foxfire               Conj/Fire      84%        2x1d8     1%          1

Your spell library contained the following spells:

 Spells                   Type           Power      Damage    Failure   Level
 Scorch                   Fire           50%        2d7       1%          2
 Inner Flame              Hex/Fire       15%        N/A       11%         3
 Volatile Blastmotes      Fire/Tloc      30%        2d12      11%         3
 Flame Wave               Conj/Fire      21%        2d8       16%         4


Dungeon Overview and Level Annotations

Branches:
Dungeon (1/1)

Altars:


Innate Abilities, Weirdness & Mutations

You cannot wear most types of armour.
You are amphibious.
You can wear up to eight rings at the same time.
Your skin changes colour to match your surroundings (Stealth+).
Your rubbery body absorbs attacks. (AC +1, EV +1)
((You are camouflaged when in or above water. (Stealth+)))
You have tentacles for arms and can constrict up to eight enemies at once.
Your magical capacity is very low. (-20% MP)
You are weak. (Str -2)


Message History

Unknown command.
You closely miss the neqoxec. Your grab misses the neqoxec.
The neqoxec is heavily wounded.
The foxfire hits the neqoxec but does no damage.
The neqoxec is heavily wounded.
The foxfire hits the neqoxec but does no damage.
The neqoxec is heavily wounded.
Unknown command.
Casting: Foxfire (safe; 1% risk of failure)
Confirm with . or Enter, or press ? or * to list all spells.
You conjure some foxfire!
The neqoxec barely misses you.
Unknown command.
You tentacle-slap the neqoxec but do no damage.
Your grab misses the neqoxec. Your squeeze misses the neqoxec.
The neqoxec is heavily wounded.
The foxfire hits the neqoxec!
The neqoxec is lightly wounded.
The foxfire hits the neqoxec.
The neqoxec is heavily wounded.
The neqoxec hits you! The neqoxec gestures at you.
Strange energies course through your body.
You feel less energetic.
Casting: Foxfire (safe; 1% risk of failure)
Confirm with . or Enter, or press ? or * to list all spells.
You conjure some foxfire!
The neqoxec gestures at you.
Strange energies course through your body.
You feel weaker.
The foxfire hits the neqoxec.
The neqoxec is heavily wounded.
You barely miss the neqoxec. Your grab misses the neqoxec.
The neqoxec is heavily wounded.
The foxfire hits the neqoxec.
The neqoxec is moderately wounded.
The neqoxec hits you!
* * * LOW HITPOINT WARNING * * *
Unknown command.
You feel better. The neqoxec closely misses you. The neqoxec hits you!
You die...

##
#.###+#
#.##.##
##'3@3+
###.##
#+#


You could see 2 neqoxecs.

Vanquished Creatures
  A neqoxec (D)
1 creature vanquished.

Vanquished Creatures (others)
  6 foxfires (D)
6 creatures vanquished.

Grand Total: 7 creatures vanquished

Notes
Turn   | Place    | Note
-------+----------+-------------------------------------------
     0 | D        | Conn the Octopode Fire Elementalist began the quest for the
                  | Orb.
     0 | D        | Reached XP level 1. HP: 11/11 MP: 3/3
     1 | D        | Noticed a neqoxec
    11 | D        | Killed a neqoxec
    11 | D        | Noticed a neqoxec
    12 | D        | Reached skill level 5 in Spellcasting
    12 | D        | Reached skill level 6 in Fire Magic
    12 | D        | Reached XP level 2. HP: 17/17 MP: 4/8
    12 | D        | Reached XP level 3. HP: 21/21 MP: 4/9
    12 | D        | Reached XP level 4. HP: 27/27 MP: 4/11
    12 | D        | Reached XP level 5. HP: 31/31 MP: 4/12
    18 | D        | Noticed a neqoxec
    25 | D        | Gained mutation: Your magical capacity is low. (-10% MP) [a
                  | neqoxec]
    30 | D        | Gained mutation: Your magical capacity is very low. (-20%
                  | MP) [a neqoxec]
    31 | D        | Gained mutation: You are weak. (Str -2) [a neqoxec]
    33 | D        | Mangled by a neqoxec

Illustrated notes

Levels and vault maps discovered:
D:        the_violet_keep_of_menkaure [sprint2_stairs_cluster_1,
          sprint2_shoproom, sprint2_temple, sprint2_basic_supplies,
          sprint2_obstacle_1, sprint2_obstacle_6, sprint2_obstacle_2,
          sprint2_obstacle_3, sprint2_obstacle_7, sprint2_timed_cluster_1,
          sprint2_smallroom_cluster_1, sprint2_smallroom_final_cluster_1,
          sprint2_transparent_cluster_1, sprint2_second_timed_cluster_1,
          sprint2_sniper_area_1, sprint2_heavy_combat_area_1,
          sprint2_mutation_trap_area_1, sprint2_forest_area_1,
          sprint2_light_combat_area_1, sprint2_behind_water_1,
          sprint2_near_end_vault_1]

Skill      XL: |  1 |
---------------+----+-----
Dodging        | 3 |  3.6
Stealth        | 4 |  4.0
Spellcasting   | 5 |  5.1
Conjurations   | 4 |  4.1
Fire Magic     | 6 |  6.8

Action                     |  1- 3 |  4- 6 || total
---------------------------+-------+-------++-------
  Melee: Unarmed           |     8 |     6 ||    14
         Tentacles         |     3 |       ||     3
         Constrict         |     1 |       ||     1
   Cast: Foxfire           |       |     4 ||     4
    Use: Potion            |     2 |     2 ||     4
 Armour: Skin              |     1 |       ||     1
  Dodge: Dodged            |     4 |     5 ||     9

Table legend: (Time is in decaauts)
 A = Elapsed time spent in this place.
 B = Non-inter-level travel time spent in this place.
 C = Inter-level travel time spent in this place.
 D = Time resting spent in this place.
 E = Time spent auto-exploring this place.
 F = Levels seen in this place.
 G = Mean time per level.
                   A        B        C        D        E       F      G
               +--------+--------+--------+--------+--------+-----+--------+
         Total |     28 |     28 |      0 |      0 |      0 |   1 |   28.0 |
       Dungeon |     28 |     28 |      0 |      0 |      0 |   1 |   28.0 |
               +--------+--------+--------+--------+--------+-----+--------+

Top non-repeatable levels by time:
       D: 28 daAuts
